 Dungeon Crawl Stone Soup version 0.28-a0-245-g639a1a48b9 (webtiles) character file.

Game seed: 18388747785797867661

66 theanonym the Vexing (level 3, -14/27 HPs)
             Began as a Mummy Enchanter on Aug 24, 2021.
             Killed from afar by an orc wizard (15 damage)
             ... with a puff of flame
             ... on level 2 of the Dungeon.
             The game lasted 00:03:00 (2988 turns).

theanonym the Vexing (Mummy Enchanter)              Turns: 2988, Time: 00:03:00

Health: -14/27     AC:  9    Str: 12    XL:     3   Next: 96%
Magic:  7/7        EV:  9    Int: 14    God:
Gold:   32         SH:  0    Dex: 12    Spells: 7/7 levels left

rFire   x . .      SeeInvis .   e - +0 short sword
rCold   + . .      Faith    .   (no shield)
rNeg    + + +      Spirit   .   g - +0 scale mail
rPois   ∞          Reflect  .   (no helmet)
rElec   .          Harm     .   (no cloak)
rCorr   .          Rampage  .   (no gloves)
Will    .....                   h - +2 pair of boots
Stlth   +.........              (no amulet)
HPRegen 0.09/turn               (no ring)
MPRegen 0.10/turn               (no ring)

@: about to teleport
A: cold resistance 1, negative energy resistance 3, torment resistance 2, heat
vulnerability 1, no potions
a: no special abilities


Innate Abilities, Weirdness & Mutations

You are immune to poison.
Your flesh is cold resistant. (rC+)
You are immune to negative energy. (rN+++)
You are immune to unholy pain and torment.
You are vulnerable to heat. (rF-)
You do not drink.


   Skills:
 + Level 1.8 Fighting
 * Level 2.6 Short Blades
 - Level 1.5 Dodging
 - Level 2.4 Stealth
 - Level 2.6 Spellcasting
 - Level 2.6 Hexes


You had 7 spell levels left.
You didn't know any spells.
Your spell library contained the following spells:

 Spells                   Type           Power      Damage    Failure   Level
 Ensorcelled Hibernation  Hex/Ice        10%        N/A       71%         2
 Sandblast                Erth           2%         2d4       77%         1
 Confusing Touch          Hex            9%         N/A       77%         3
 Tukima's Dance           Hex            9%         N/A       77%         3
 Passwall                 Tmut/Erth      0%         N/A       88%         2
 Dazzling Flash           Conj/Hex       10%        N/A       91%         3
 Lee's Rapid Deconstruct  Erth           0%         3d5*      100%        5

Skill      XL: |  1  2 |
---------------+-------+-----
Short Blades   | 1 2 |  2.6
Fighting       | 1 |  1.8
Dodging        | |  1.5
Stealth        | |  2.4
Spellcasting   | |  2.6
Hexes          | |  2.6

Action                   || total
-------------------------++-------
Melee: Dagger            ||    99
       Short sword       ||    61
  Use: Scroll            ||     2
 Stab: Sleeping          ||     4
Armor: Robe              ||     9
       Ring mail         ||    12
       Scale mail        ||    11
Dodge: Dodged            ||    70

Inventory:

Hand Weapons
 e - a +0 short sword (weapon)
Armour
 g - a +0 scale mail (worn)
 h - a +2 pair of boots (worn)
Scrolls
 c - 2 scrolls of identify {unknown}


You were on level 2 of the Dungeon.
You visited 1 branch of the dungeon, and saw 2 of its levels.

You collected 32 gold pieces.

Dungeon Overview and Level Annotations

Branches:
Dungeon (2/15)

Altars:

Annotations:
D:2 Terence

######.#.## ##...## #.#.###
##.## ##.....## ##....## ##..#
##.......## ##..#..##
##...####.........####........
#.......'.........'...........
##...####.........# #...##.##
##..# ##.......## ##.###.#
##.# ##..{..## #......# ##.#
##.@.## #.###### #..# ##'##
#.# #.## #.# #.# #.# #.# #w#
###.## #####.### #.# #....#
#.......# #.# #.#..# #.#.....#
#.# #.#..# #.......# #.#
#.#..####..###..######.#


There were no monsters in sight!

Notes
Turn   | Place    | Note
-------+----------+-------------------------------------------
     0 | D:1      | theanonym the Mummy Enchanter began the quest for the Orb.
     0 | D:1      | Reached XP level 1. HP: 13/13 MP: 4/4
    48 | D:1      | Reached skill level 1 in Short Blades
   178 | D:1      | Reached XP level 2. HP: 15/20 MP: 5/5
   422 | D:1      | HP: 7/20 [kobold (4)]
   427 | D:1      | Reached skill level 1 in Fighting
  1294 | D:2      | HP: 10/21 [orc (3)]
  1305 | D:1      | HP: 10/21 [orc (1)]
  1545 | D:1      | Reached skill level 2 in Short Blades
  1653 | D:2      | Reached XP level 3. HP: 20/26 MP: 7/7
  2071 | D:2      | HP: 11/26 [orc (3)]
  2750 | D:2      | Noticed Terence
  2985 | D:2      | HP: 5/27 [something/puff of flame (16)]
  2986 | D:2      | HP: 1/27 [something (4)]
  2987 | D:2      | Identified a scroll of acquirement
  2987 | D:2      | Acquired the -3 buckler of the Shrike {Int+4}
  2988 | D:2      | Killed from afar by an orc wizard

Vanquished Creatures
  2 adders (D:2)
  A worm (D:2)
  A dart slug (D:1)
  4 orcs
  2 endoplasms (D:2)
  3 goblins
  6 hobgoblins
  5 kobolds
  A quokka (D:2)
  3 ball pythons
  3 bats
  3 frilled lizards
  5 rats
39 creatures vanquished.

Table legend: (Time is in decaauts)
 A = Elapsed time spent in this place.
 B = Non-inter-level travel time spent in this place.
 C = Inter-level travel time spent in this place.
 D = Time resting spent in this place.
 E = Time spent auto-exploring this place.
 F = Levels seen in this place.
 G = Mean time per level.
                   A        B        C        D        E       F      G
               +--------+--------+--------+--------+--------+-----+--------+
         Total |   2983 |   2686 |    297 |    894 |   1297 |   2 | 1491.5 |
       Dungeon |   2983 |   2686 |    297 |    894 |   1297 |   2 | 1491.5 |
               +--------+--------+--------+--------+--------+-----+--------+

Top non-repeatable levels by time:
     D:1: 1544 daAuts
     D:2: 1439 daAuts
